 Dungeon Crawl Stone Soup version 0.29.1-13-g9f3cf754e1 (webtiles) character file.

Game seed: 14833465736002305505

33 thatblackman the Trooper (level 3, 0/33 HPs)
             Began as a Draconian Abyssal Knight on Jan 23, 2023.
             Was a Believer of Lugonu.
             Slain by Ijyb
             ... wielding a +0 club
              (3 damage)
             ... on level 3 of the Dungeon.
             The game lasted 00:10:46 (751 turns).

thatblackman the Trooper (Draconian Abyssal Knight)  Turns: 751, Time: 00:10:47

Health: 0/33       AC:  0    Str: 17    XL:     3   Next: 12%
Magic:  3/4        EV: 19    Int: 10    God:    Lugonu [**....]
Gold:   26         SH:  0    Dex: 16    Spells: 2/2 levels left

rFire   . . .      SeeInvis .   (weapon currently unavailable)
rCold   . . .      Faith    .   (shield currently unavailable)
rNeg    . . .      Spirit   .   (body armour unavailable)
rPois   .          Reflect  .   (helmet currently unavailable)
rElec   .          Harm     .   (cloak currently unavailable)
rCorr   .          Rampage  .   (gloves currently unavailable)
Will    .....                   (boots currently unavailable)
Stlth   +.........              (no amulet)
HPRegen 0.11/turn               (ring currently unavailable)
MPRegen 0.09/turn               (ring currently unavailable)

@: bat-form, flying, very quick
A: fast, flying, no casting, AC +5, tiny, unfitting armour, (cold-blooded)
a: Renounce Religion, Depart the Abyss, Bend Space


You were on level 3 of the Dungeon.
You worshipped Lugonu.
Lugonu was pleased with you.
You were a bat.
You visited 1 branch of the dungeon, and saw 3 of its levels.
You visited the Abyss 1 time.

You collected 26 gold pieces.

Inventory:

Hand Weapons
 a - a +1 falchion
 e - a +0 sling
 h - a +0 trident (melded)
 j - a +0 war axe
 k - a +0 spear
Scrolls
 b - a scroll of vulnerability {unknown}
 i - a scroll of identify {unknown}
Potions
 c - a potion of heal wounds {unknown}
 d - a potion of curing {unknown}
 f - a potion of resistance {unknown}
 g - a potion of invisibility {unknown}


   Skills:
 + Level 3.8 Fighting
 + Level 2.2 Long Blades
 + Level 2.6 Dodging
 + Level 2.2 Invocations


You had 2 spell levels left.
You didn't know any spells.
Your spell library was empty.

Dungeon Overview and Level Annotations

Branches:
Dungeon (3/15)

Altars:

Shops:
D:1 [

Annotations:
D:3 Ijyb


Innate Abilities, Weirdness & Mutations

You are a bat.
You are tiny and dextrous.
You move quickly.
You are flying.
Your equipment is almost entirely melded.
You are incapable of wielding weapons or throwing items.
You cannot cast spells.
((Your plain brown scales are hard. (AC +5)))
You cannot fit into any form of body armour.
((You are cold-blooded and may be slowed by cold attacks.))


Message History

You barely miss the iguana.
The iguana is heavily wounded.
The iguana bites you!
* * * LOW HITPOINT WARNING * * *
The kobold barely misses you. The kobold hits you but does no damage.
The iguana bites you but does no damage.
You barely miss the iguana.
The iguana is heavily wounded.
The kobold hits you but does no damage. The iguana misses you.
You hit the kobold.
You kill the kobold!
Lugonu accepts your kill.
The iguana hisses menacingly.
The iguana misses you. The iguana barely misses you.
Things that are here:
a +0 dagger; a kobold corpse The iguana attacks as you move away!
The iguana barely misses you.
You fail to use your ability.
The iguana barely misses you. Space bends violently around you!
You blink.
Reach: h) +0 trident
Press: ? - help, Dir - move target, p - iguana You swing at nothing.
Reach: h) +0 trident
Press: ? - help, Dir - move target, f - iguana
Aim: an iguana (heavily wounded, about 42% to evade your +0 trident)
You closely miss the iguana.
Your tail-slap misses the iguana.
The iguana is heavily wounded.
The iguana barely misses you.
You barely miss the iguana.
The iguana is heavily wounded.
The iguana bites you.
* * * LOW HITPOINT WARNING * * *
Space bends violently around you!
You blink.
Ijyb the Twisted Goblin comes into view.
She is wielding a +0 club and carrying a wand of polymorph (7).
Ijyb zaps a wand.
You turn into a bat.
Your +0 trident melds into your body.
Space bends violently around you!
You blink.
You aren't in the Abyss!
Ijyb hits you with a +0 club.
You die...

.g# #.# #.#
######### #.#
#b......# #.#
#g#####l# #.# #.#
#.#
..#####.###.#####.#
.......ยง.......##l#
..####...##.##.##.#
#.....#.##.##.#
##...##.......##
##.######...).#####


You could see Ijyb and an iguana.

Vanquished Creatures
  An adder (D:2)
  A dart slug (D:3)
  A ball python (D:2)
  2 bats (D:1)
  3 endoplasms
  A giant cockroach (D:2)
  3 goblins
  2 hobgoblins (D:2)
  2 quokkas (D:1)
  A frilled lizard (D:1)
  2 kobolds
  A rat (D:2)
20 creatures vanquished.

Notes
Turn   | Place    | Note
-------+----------+-------------------------------------------
     0 | Abyss:1  | thatblackman the Draconian Abyssal Knight began the quest
                  | for the Orb.
     0 | Abyss:1  | Reached XP level 1. HP: 19/19 MP: 2/2
     5 | Abyss:1  | Found a corrupted altar of Lugonu.
    11 | D:1      | Escaped the Abyss
   184 | D:1      | Found Tyon's Antique Armour Boutique.
   210 | D:1      | Reached XP level 2. HP: 26/26 MP: 3/3
   219 | D:1      | Found a faded altar of an unknown god.
   548 | D:2      | Reached XP level 3. HP: 22/33 MP: 4/4
   726 | D:3      | Noticed Ijyb
   751 | D:3      | Slain by Ijyb

Illustrated notes

Levels and vault maps discovered:
D:1:      lordsloth_arrival_two_stooges, layout_loops_ring, serial_shops,
          shop_fountains, hellmonk_ecumenical_altar_pennies_from_heaven
D:2:      layout_basic, hangedman_feature_mirror, uniq_crazy_yiuf_cottage
D:3:      layout_loops_corners, uniq_ijyb, uniq_terence

Action                   || total
-------------------------++-------
Melee: Falchion          ||    21
       Tailslap          ||     5
       Sling             ||     1
       Trident           ||    41
Invok: Bend Space        ||     4
Armor: Skin              ||    40
Dodge: Dodged            ||    75
